 Dungeon Crawl Stone Soup version 0.30-a0-715-gdb4ae3ece1 (webtiles) character file.

Game seed: 17996749599518264399

533997 wormed the Imperceptible (level 25, -3/185 HPs)
             Began as an Octopode Warper on Jan 24, 2023.
             Was an Initiate of Gozag.
             Slain by a caustic shrike (15 damage)
             ... while paralysed by a floating eye
             ... on level 2 of the Depths.
             The game lasted 01:40:26 (61009 turns).

wormed the Imperceptible (Octopode Warper)         Turns: 61009, Time: 01:40:27

Health: -3/185     AC: 22    Str: 12    XL:     25   Next: 74%
Magic:  48/48      EV:  2    Int: 43    God:    Gozag
Gold:   3788       SH:  0    Dex: 23    Spells: 25/48 levels left

rFire   . . .      SeeInvis .      - Unarmed
rCold   + . .      Faith    .    (shield currently unavailable)
rNeg    + + +      Spirit   .    (helmet currently unavailable)
rPois   ∞          Reflect  .    w - amulet "Bistreogh" {rC+ Regen+ MP+9}
rElec   +          Harm     .    W - ring of Reuf Nepe {Fire rElec rPois rN+++ Dex-2}
rCorr   +          Rampage  .    M - ring "Ononass" {rPois rCorr Int+4 Dex+4}
Will    ++...      Archmagi +    T - ring of the Winnowing Seers {rN+ rCorr Dex+8} Stlth *****+++++
                                 D - ring of the Mage {Wiz Archmagi}
HPRegen 1.30/turn                x - +6 ring of intelligence
MPRegen 0.31/turn                L - ring of Omeell {Ice rElec rPois Int+3}
                                 N - ring of Shadows {Umbra +Inv Stlth+}
                                 X - +6 ring of intelligence

@: paralysed, storm-form, corroded, gold aura, flying, wreathed by umbra
A: cleaving, insubstantial, flying, almost no armour, amphibious, 8 rings,
(camouflage 1), (gelatinous body 1), (nimble swimmer 1), (tentacles),
strong-willed 1
}: 3/15 runes: barnacled, silver, gossamer
a: Blinkbolt, End Transformation, Renounce Religion, Evoke Invisibility, Potion
Petition, Call Merchant, Bribe Branch


You were on level 2 of the Depths.
You worshipped Gozag.
Gozag was most pleased with you.
You were a lightning-filled tempest!
You visited 11 branches of the dungeon, and saw 47 of its levels.
You visited 1 bazaar.
You also visited: Sewer and Wizlab.

You collected 26219 gold pieces.
You spent 4546 gold pieces at shops.
You paid 17885 gold pieces to Gozag.

Inventory:

Missiles
 b - 7 boomerangs of dispersal
 Q - 5 throwing nets
Armour
 J - the +3 warlock's mirror {omnireflect}
   (You found it in a wizard's laboratory)

   Omnireflect: It can block and reflect piercing ranged attacks and magical
   attacks against the wielder's willpower.
 V - a +1 hat of intelligence (melded)
Magical Staves
 y - a staff of air (melded)
Jewellery
 s - a ring of see invisible
 w - the amulet "Bistreogh" (around neck) {rC+ Regen+ MP+9}
   (You found it on level 3 of the Depths)

   [amulet of regeneration]

   rC:        It protects you from cold.
   MP:        It affects your magic capacity (+9).
   Regen:     It increases your rate of health regeneration.
 x - a +6 ring of intelligence (on tentacle)
 D - the ring of the Mage (on tentacle) {Wiz Archmagi}
   (You bought it in a shop on level 1 of the Elven Halls)

   [ring of wizardry]

   It improves your spell success rate.
   Archmagi:  It increases the power of your magical spells.
 G - a +6 ring of strength
 L - the ring of Omeell (on tentacle) {Ice rElec rPois Int+3}
   (You took it off Josephina on level 4 of the Depths)

   [ring of ice]

   It enhances your ice magic.
   Int:       It affects your intelligence (+3).
   rF:        It makes you vulnerable to fire.
   rC:        It protects you from cold.
   rElec:     It insulates you from electricity.
   rPois:     It protects you from poison.
 M - the ring "Ononass" (right tentacle) {rPois rCorr Int+4 Dex+4}
   (You found it on level 3 of the Crypt)

   [ring of resist corrosion]

   Int:       It affects your intelligence (+4).
   Dex:       It affects your dexterity (+4).
   rPois:     It protects you from poison.
   rCorr:     It protects you from acid and corrosion.
 N - the ring of Shadows (on tentacle) {Umbra +Inv Stlth+}
   (You took it off a deep elf annihilator on level 3 of the Elven Halls)

   [ring of stealth]

   Umbra:     It surrounds you with an aura of shadow, increasing your stealth
   and reducing the accuracy of all others within it.
   +Inv:      It lets you turn invisible.
   Stlth:     It makes you more stealthy.
 T - the ring of the Winnowing Seers (on tentacle) {rN+ rCorr Dex+8}
   (You bought it in a shop on level 1 of the Shoals)

   [ring of positive energy]

   Dex:       It affects your dexterity (+8).
   rN:        It protects you from negative energy.
   rCorr:     It protects you from acid and corrosion.
 W - the ring of Reuf Nepe (left tentacle) {Fire rElec rPois rN+++ Dex-2}
   (You bought it in a shop on level 1 of the Shoals)

   [ring of fire]

   It enhances your fire magic.
   Dex:       It affects your dexterity (-2).
   rF:        It protects you from fire.
   rC:        It makes you vulnerable to cold.
   rElec:     It insulates you from electricity.
   rPois:     It protects you from poison.
   rN:        It renders you almost immune to negative energy.
 X - a +6 ring of intelligence (on tentacle)
Wands
 d - a wand of paralysis (45)
 e - a wand of mindburst (20)
 k - a wand of acid (10)
 t - a wand of flame (40) (quivered)
 B - a wand of digging (14)
 C - a wand of polymorph (12)
 H - a wand of roots (40)
Scrolls
 a - 4 scrolls of blinking
 g - 5 scrolls of fear
 h - 11 scrolls of vulnerability
 i - 8 scrolls of enchant armour
 p - 8 scrolls of amnesia
 E - 2 scrolls of brand weapon
 F - a scroll of silence
 I - 11 scrolls of poison
 O - 3 scrolls of magic mapping
 P - 6 scrolls of fog
 R - 2 scrolls of teleportation
 S - 7 scrolls of enchant weapon
 U - 6 scrolls of butterflies
 Z - 4 scrolls of immolation
Potions
 c - 3 potions of resistance
 f - 2 potions of berserk rage
 j - 5 potions of cancellation
 l - 11 potions of brilliance
 m - 22 potions of curing
 o - 4 potions of might
 q - 13 potions of haste
 r - 14 potions of lignification
 u - 10 potions of attraction
 v - 16 potions of flight
 z - 3 potions of invisibility
 A - 10 potions of mutation
 K - 3 potions of magic
 Y - 9 potions of ambrosia


   Skills:
 * Level 18.7 Fighting
 - Level 1.0 Throwing
 * Level 18.8 Dodging
 - Level 24.0 Stealth
 * Level 18.7 Unarmed Combat
 - Level 12.0 Spellcasting
 - Level 3.4 Hexes
 - Level 3.4 Summonings
 - Level 4.9 Translocations
 - Level 19.0 Transmutations
 - Level 19.0 Air Magic
 - Level 4.0 Poison Magic


You had 25 spell levels left.
You knew the following spells:

 Your Spells              Type           Power      Damage    Failure   Level
a - Storm Form            Tmut/Air       68%        N/A       1%          7
b - Wereblood             Tmut           100%       N/A       0%          2
c - Vhi's Electric Charg  Tloc/Air       100%       N/A       1%          3
d - Summon Guardian Gole  Hex/Summ       70%        N/A       1%          3
e - Spider Form           Tmut/Pois      100%       N/A       1%          3
f - Call Canine Familiar  Summ           70%        N/A       1%          3
k - Blink                 Tloc           100%       N/A       1%          2

Your spell library contained the following spells:

 Spells                   Type           Power      Damage    Failure   Level
 Shock                    Conj/Air       100%       1d9       0%          1
 Sting                    Tmut/Pois      100%       1d8       0%          1
 Poisonous Vapours        Pois/Air       100%       N/A       0%          2
 Airstrike                Air            68%        2d(10-26) 0%          4
 Blade Hands              Tmut           68%        N/A       0%          5
 Apportation              Tloc           100%       N/A       1%          1
 Freeze                   Ice            100%       1d10      1%          1
 Magic Dart               Conj           100%       1d8       1%          1
 Sandblast                Erth           76%        2d16      1%          1
 Slow                     Hex            100%       N/A       1%          1
 Summon Small Mammal      Summ           100%       N/A       1%          1
 Call Imp                 Summ           70%        N/A       1%          2
 Cigotuvi's Dreadful Rot  Necr/Pois/Air  100%       N/A       1%          2
 Ensorcelled Hibernation  Hex/Ice        100%       N/A       1%          2
 Lesser Beckoning         Tloc           100%       N/A       1%          2
 Passwall                 Tmut/Erth      85%        N/A       1%          2
 Scorch                   Fire           100%       2d10      1%          2
 Static Discharge         Conj/Air       100%       2-7/arc   1%          2
 Confusing Touch          Hex            70%        N/A       1%          3
 Frozen Ramparts          Ice            100%       1d16      1%          3
 Hailstorm                Conj/Ice       55%        3d12      1%          3
 Inner Flame              Hex/Fire       75%        N/A       1%          3
 Kindle Blastsparks       Fire/Tloc/Air  100%       2d18      1%          3
 Mephitic Cloud           Conj/Pois/Air  95%        N/A       1%          3
 Ozocubu's Armour         Ice            55%        N/A       1%          3
 Portal Projectile        Hex/Tloc       100%       N/A       1%          3
 Stone Arrow              Conj/Erth      76%        3d11      1%          3
 Teleport Other           Tloc           80%        N/A       1%          3
 Tukima's Dance           Hex            70%        N/A       1%          3
 Vampiric Draining        Necr           38%        2d8       1%          3
 Cause Fear               Hex            35%        N/A       1%          4
 Ice Form                 Ice/Tmut       100%       N/A       1%          4
 Iskenderun's Mystic Bla  Conj/Tloc      63%        2d13      1%          4
 Manifold Assault         Tloc           80%        N/A       1%          4
 Olgreb's Toxic Radiance  Pois           74%        N/A       1%          4
 Passage of Golubria      Tloc           80%        N/A       1%          4
 Summon Lightning Spire   Summ/Air       100%       N/A       1%          4
 Alistair's Intoxication  Tmut/Pois      74%        N/A       1%          5
 Arcjolt                  Conj/Air       51%        1d61      1%          5
 Freezing Cloud           Conj/Ice/Air   55%        6-21      1%          5
 Irradiate                Conj/Tmut      51%        3d28      1%          5
 Lightning Bolt           Conj/Air       51%        1d72      1%          5
 Silence                  Hex/Air        55%        N/A       1%          5
 Yara's Violent Unravell  Hex/Tmut       55%        3d21      1%          5
 Conjure Ball Lightning   Conj/Air       51%        3x3d18    1%          6
 Eringya's Noxious Bog    Tmut/Pois      56%        N/A       1%          6
 Dragon Form              Tmut           68%        N/A       1%          7
 Maxwell's Capacitive Co  Air            68%        ∞         1%          8
 Anguish                  Hex/Necr       28%        N/A       2%          4
 Fulminant Prism          Conj/Hex       28%        3d13      2%          4
 Summon Ice Beast         Ice/Summ       75%        N/A       2%          4
 Summon Forest            Summ/Tloc      37%        N/A       2%          5
 Summon Mana Viper        Hex/Summ       70%        N/A       3%          5
 Dispel Undead            Necr           38%        3d16      4%          4
 Flame Wave               Conj/Fire      55%        2d13      4%          4
 Sticky Flame             Conj/Fire      55%        2d7       4%          4
 Borgnjor's Vile Clutch   Necr/Erth      19%        N/A       13%         5
 Fireball                 Conj/Fire      27%        3d12      13%         5
 Iskenderun's Battlesphe  Conj           38%        2d9       13%         5
 Lee's Rapid Deconstruct  Erth           19%        3d11*     13%         5
 Summon Cactus Giant      Summ           35%        N/A       17%         6
 Death Channel            Necr           19%        N/A       54%         6
 Iron Shot                Conj/Erth      19%        9d4       54%         6
 Enfeeble                 Hex            35%        N/A       65%         7
 Monstrous Menagerie      Summ           35%        N/A       65%         7
 Summon Hydra             Summ           35%        N/A       65%         7
 Haunt                    Necr/Summ      28%        N/A       86%         7
 Spellforged Servitor     Conj/Summ      28%        N/A       86%         7
 Orb of Destruction       Conj           19%        9d8       98%         7
 Ozocubu's Refrigeration  Ice            27%        4d13      98%         7
 Disjunction              Tloc           40%        N/A       98%         8
 Discord                  Hex            35%        N/A       99%         8
 Infestation              Necr           19%        N/A       100%        8
 Lehudib's Crystal Spear  Conj/Erth      19%        10d6      100%        8
 Chain Lightning          Conj/Air       51%        3d68      100%        9
 Animate Armour           Summ/Erth      Unusable   N/A       N/A         4
 Animate Dead             Necr           Unusable   N/A       N/A         4

Dungeon Overview and Level Annotations

Branches:
Dungeon (15/15)            Temple (1/1) D:7            Lair (5/5) D:9
 Shoals (4/4) Lair:2       Spider (4/4) Lair:3        Slime (0/5) Lair:4
    Orc (2/2) D:10            Elf (3/3) Orc:2        Vaults (5/5) D:13
  Crypt (3/3) Vaults:3       Tomb (1/3) Crypt:3      Depths (4/4) D:15
    Zot (0/5) Depths:4      Sewer (visited)          WizLab (visited)

Altars:
Ashenzari
Cheibriados
Dithmenos
Elyvilon
Fedhas
Gozag
Hepliaklqana
Kikubaaqudgha
Makhleb
Nemelex Xobeh
Okawaru
Qazlal
Ru
Sif Muna
Trog
Uskayaw
Vehumet
Wu Jian
Xom
Yredelemnul
Zin
The Shining One

Shops:
D:1 =   D:14 :   Orc:2 ?(=[   Elf:1 =   Elf:2 [   Lair:2 :=?   Lair:4 [
Lair:5 :[   Shoals:1 =   Shoals:4 ??   Vaults:1 [   Vaults:3 (
Vaults:4 *:==:[   Vaults:5 =   Depths:1 :!   Depths:3 ::=*(   Depths:4 *:

Portals:
Hell: Depths:1 Depths:3 Depths:4
Abyss: Depths:3 Depths:4
Pandemonium: Depths:1
Ziggurat: Depths:1
Trove: Elf:3 (show abyssal rune of Zot)

Annotations:
D:15 Tolur's ghost, adept DEFE
Elf:2 relicbr's ghost, adept DsNe
Depths:1 3 runed translucent doors, Ubraesch's ghost, adept TrMo


Innate Abilities, Weirdness & Mutations

You are a lightning-filled tempest!
Your electrical attacks strike out in all directions at once.
You are incredibly evasive.
Your insubstantial body is immune to petrification, constriction, and being set on fire You are flying.
You are immune to poison.
Your armour is entirely melded.
You are incapable of wielding weapons or throwing items.
You cannot wear most types of armour.
You are amphibious.
You can wear up to eight rings at the same time.
((Your skin changes colour to match your surroundings (Stealth+).))
((Your rubbery body absorbs attacks. (AC +1, EV +1)))
((You are camouflaged when in or above water. (Stealth+)))
((You have tentacles for arms and can constrict up to eight enemies at once.))
You are strong-willed. (Will+)


Message History

A tengu reaver comes into view. It is wielding a +0 glaive.
The necromancer is distracted by your dazzling golden aura.
The caustic shrike claws you but does no damage.
The caustic shrike claws you!
You are splashed with acid.
You resist. The frost giant casts a spell at you. The bolt of cold hits you!
You resist. The ice dragon breathes frost at you. The blast of cold hits you!
You resist.
A fire giant comes into view.
It is wielding a +0 great sword of flaming.
An orc comes into view. It is wielding a +0 dagger.
The caustic shrike claws you!
You are splashed with acid.
You resist.
The fire giant shouts!
The fire dragon roars deafeningly!
The necromancer shouts!
You hear a shout!
The caustic shrike claws you!!
You are splashed with acid.
You resist. The frost giant completely misses you.
The floating eye is distracted by your dazzling golden aura.
The ice dragon breathes frost at you. The blast of cold hits you! You resist.
* * * LOW HITPOINT WARNING * * *
The caustic shrike claws you!
* * * LOW HITPOINT WARNING * * *
The acid corrodes you!
You are splashed with acid.
You resist.
* * * LOW HITPOINT WARNING * * *
The tengu reaver is no longer distracted by gold.
The fire giant is no longer distracted by gold.
The caustic shrike claws you but does no damage.
The tengu reaver points at you and mumbles some strange words.
The bolt of cold hits the frost giant.
The frost giant resists.
The bolt of cold hits you! You resist.
* * * LOW HITPOINT WARNING * * *
The ice dragon bites you but does no damage.
The ice dragon claws you but does no damage.
The ice dragon tramples you but does no damage.
The frost giant hits you with a +2 battleaxe of freezing.
* * * LOW HITPOINT WARNING * * *
The frost giant freezes you.
* * * LOW HITPOINT WARNING * * *
The caustic shrike claws you!
You die...
Your body crumbles into a pile of gold.

..#####****###*****************,,
#.#♣♣.♣♣ ♣♣..,,,,,,,,,** *,* *,,
..#♣...♣♣♣.###########.****,***,,
........)..'.).)⌠....'.,,,,*,,,,,
..#♣...♣♣♣.###########.♣***,***,,
..#♣♣.♣♣ ♣♣.$$.$......♣* *,* *,,
..# ### #####♣$♣##### *******,,
§≈# *,* ♣$♣ *^,,,,*,, ..# *,*
*****♣v♣***** *,***,*~~ ..#**,**


♣..pCDCb.Qo.♣ *,,,,,*,~ ..#*,$,* ♣..{QoQuDo..♣ **+**,*,, ..#*,,,** ♣.G'#####o..♣
*,,*,*^, ..#,,$,,* ♣..#,,,,,#..♣ *,,*,*,, ..#,,,,,**♣C.*,,,,,*..♣****,*,*,,
#.#,,~,,,...,*,,,,,*,...,,*+*,*,, #.#,,,,,*♣♣,,*,,,,,*,,♣♣*,*,***,, ..#,,,,,*
*,,*,,,,,*,,* *,*,,**,, You could see a caustic shrike (soul bound), a frost
giant (soul bound), a white very ugly thing (soul bound), 2 fire giants, a fire
dragon (soul bound), an ice dragon (soul bound, catching breath), 2 tengu
reavers, a tengu warrior (soul bound), a necromancer, 2 orc warriors, a floating
eye and 2 orcs.

Vanquished Creatures
  A dread lich (Vaults:5)
  2 ancient liches (Vaults:5)
  Mara (Vaults:2)
  Josephina (Depths:4)
  A juggernaut (Depths:4)
  Sojobo (Crypt:3)
  Boris (Crypt:3)
  Saint Roka (Depths:2)
  2 caustic shrikes (Depths:3)
  The ghost of Vetoew the Black Belt, a veteran DsSu of Jiyva (Crypt:1)
  4 golden dragons
  Nikola (Shoals:4)
  3 bone dragons
  The ghost of Hyuliamusu the Eclecticist, an adept DjSu of Makhleb (Vaults:3)
  2 tentacled monstrosities (Depths:3)
  6 liches
  2 walking crystal tomes (WizLab)
  A shard shrike skeleton (Crypt:3)
  Rupert (D:15)
  7 titans
  2 walking frostbound tomes (Depths:3)
  3 deep elf blademasters
  A walking divine tome (Depths:3)
  2 deep elf master archers (Elf:3)
  8 ancient champions
  Polyphemus (Shoals:3)
  5 tengu reavers
  2 strange machines (WizLab)
  11 sphinxes
  5 storm dragons
  6 shadow dragons
  A revenant (Crypt:3)
  2 draconian knights (Depths:4)
  4 frost giants
  An emperor scorpion (Spider:4)
  14 vault wardens
  19 fire giants
  A ghost moth (Spider:4)
  10 deep elf sorcerers
  4 deep elf elementalists (Elf:3)
  3 curse skulls
  A broodmother (shapeshifter) (Vaults:5)
  A spriggan defender (Depths:3)
  The ghost of Wekumecuw the Tainted, a journeyman DsFi of Yredelemnul (Orc:1)
  6 ghouls
  4 orc warlords
  16 very ugly things
  2 reapers
  A broodmother (Spider:4)
  19 ironbound preservers
  20 stone giants
  A war gargoyle (Vaults:5)
  An eleionoma (shapeshifter) (Vaults:5)
  9 ironbound thunderhulks
  10 deep elf demonologists
  Nessos (Orc:2)
  7 vampire knights
  A red draconian (Depths:4)
  3 minotaurs
  A purple draconian (Depths:4)
  A white draconian (Depths:4)
  A yellow draconian (Depths:4)
  5 dire elephants
  13 deep elf annihilators
  4 eidola
  3 spark wasps
  Snorg (Orc:2)
  11 ettins
  8 deep elf death magi
  3 merfolk javelineers
  11 jiangshi
  14 yaktaur captains
  2 crystal guardians (Vaults:4)
  3 mummy priests
  8 fire dragons
  4 great orbs of eyes
  5 entropy weavers
  9 deep elf high priests
  6 merfolk impalers
  The ghost of Puis the Skirmisher, a journeyman DgIE (Lair:2)
  Erolcha (Orc:2)
  11 ice dragons
  2 peacekeepers
  2 spriggan zombies
  4 hydras
  30 vault guards
  A caustic shrike simulacrum (Depths:4)
  7 rakshasas
  3 spriggan air magi
  A hydra (shapeshifter) (Depths:3)
  An ogre mage (Vaults:5)
  A jorogumo (Spider:1)
  16 centaur warriors
  6 ironbound frosthearts
  A catoblepas (Shoals:3)
  An alligator snapping turtle (Shoals:3)
  2 merfolk avatars (Shoals:3)
  4 satyrs
  The ghost of Fehoc the Spry, a journeyman TeMo of Hepliaklqana (D:13)
  An Orb Guardian zombie (Crypt:2)
  4 death knights
  3 two-headed ogres
  10 death scarabs (Tomb:1)
  7 tengu warriors
  18 boulder beetles
  4 deep troll earth magi
  6 merfolk aquamancers
  2 titan zombies
  37 dancing weapons
  7 deep troll shamans
  4 radroaches
  2 spriggan berserkers
  7 death yaks
  6 vampire magi
  Sonja (Orc:2)
  A hell knight (Vaults:5)
  An orc high priest (Elf:3)
  13 deep elf knights
  An iron troll (shapeshifter) (Vaults:5)
  4 iron trolls
  Nergalle (Orc:2)
  A fire crab (shapeshifter) (Vaults:5)
  2 sun demons (Depths:1)
  A sixfirhy (Depths:1)
  7 pharaoh ants
  An anaconda zombie (Crypt:3)
  11 sea snakes
  A shadow demon (Depths:1)
  20 skeletal warriors
  2 glowing orange brains
  The ghost of NinjaNoafa the Destroyer, a novice GnCj of Cheibriados (D:7)
  Lodul (D:10)
  10 flayed ghosts
  2 sun moths
  72 deep trolls
  8 lindwurms
  6 orb spiders
  15 ironbound convokers
  7 harpies
  10 deep elf archers
  5 necromancers
  23 deep elf pyromancers
  12 phantasmal warriors
  10 wizards
  7 orc knights
  18 deep elf zephyrmancers
  18 fauns
  10 steelbarb worms
  37 ugly things
  13 manticores
  21 wolf spiders
  A wolf spider zombie (Crypt:1)
  11 orc sorcerers
  An eleionoma zombie (Crypt:2)
  A jorogumo skeleton (Crypt:3)
  A salamander (shapeshifter) (D:13)
  5 cyclopes
  2 centaur zombies (D:13)
  A naga zombie (Crypt:3)
  4 spectral centaurs (D:13)
  8 merfolk sirens
  5 moths of wrath
  18 elephants
  2 rust devils (Depths:1)
  An ice statue (D:12)
  29 slime creatures
  7 black mambas
  Maurice (D:8)
  A smoke demon (Depths:1)
  8 torpor snails
  4 water nymphs
  A dire elephant zombie (Crypt:3)
  19 vault sentinels
  A titan simulacrum (Depths:4)
  2 centaur skeletons (Crypt:1)
  An orange demon (Depths:1)
  22 cane toads
  9 demonic crawlers
  5 gargoyles
  A white draconian zombie (Crypt:3)
  2 rime drakes
  11 yaktaurs
  A tengu conjurer (Depths:3)
  An efreet (D:14)
  6 ice devils
  8 komodo dragons
  3 freezing wraiths
  A grey draconian skeleton (Crypt:2)
  16 guardian mummies
  A hydra zombie (Crypt:3)
  10 trolls
  5 wind drakes
  23 merfolk
  A polar bear (Lair:5)
  6 meliai
  A black draconian skeleton (Crypt:1)
  A wind drake (shapeshifter) (Vaults:5)
  A mana viper skeleton (Crypt:3)
  31 blink frogs
  A harpy skeleton (Tomb:1)
  A tengu simulacrum (Depths:4)
  A sphinx simulacrum (Depths:4)
  4 tyrant leeches (Lair:5)
  A raiju (shapeshifter) (D:15)
  23 tarantellas
  14 snapping turtles
  A guardian serpent skeleton (Crypt:1)
  An alligator zombie (Crypt:3)
  A jumping spider (shapeshifter) (D:13)
  10 dream sheep
  13 jumping spiders
  A centaur simulacrum (D:13)
  7 culicivoras
  2 shadows
  2 air elementals (Elf:3)
  A culicivora (shapeshifter) (D:13)
  10 wraiths
  A spriggan (Lair:2)
  An ushabti (Crypt:3)
  A vampire (D:13)
  3 wyverns
  44 yaks
  21 water elementals
  2 basilisks (Lair:3)
  A fire elemental (Elf:1)
  32 redbacks
  A black mamba skeleton (Crypt:3)
  A golden eye (shapeshifter) (D:13)
  11 vampire mosquitoes
  A human simulacrum (Vaults:4)
  A redback (shapeshifter) (Depths:4)
  2 harpy simulacra
  A warg (Vaults:5)
  14 water moccasins
  2 floating eyes
  11 black bears
  A sky beast (D:7)
  29 orc warriors
  21 ogres
  21 wolves
  3 ice beasts
  6 boggarts
  12 centaurs
  A phantom (D:4)
  A kobold brigand (D:10)
  A rime drake skeleton (Crypt:3)
  A draconian zombie (Crypt:2)
  7 gnoll sergeants (D:10)
  2 necrophages
  15 bullfrogs
  2 earth elementals
  A glowing shapeshifter simulacrum (Depths:4)
  3 scorpions
  A komodo dragon skeleton (Crypt:1)
  A wyvern skeleton (Crypt:3)
  9 wights
  A water moccasin skeleton (Crypt:3)
  14 killer bees
  A troll zombie (Crypt:1)
  An electric eel (Lair:5)
  3 howler monkeys
  4 hounds
  19 orc priests
  A gnoll bouda (D:4)
  A jelly (D:7)
  A human zombie (Crypt:2)
  Jessica (D:2)
  2 iguanas
  36 orc wizards
  A boggart zombie (Crypt:3)
  6 hell rats (Lair:4)
  A tengu zombie (Crypt:1)
  10 mummies
  14 adders
  16 gnolls
  5 river rats (Sewer)
  A shadow imp (D:7)
  A white imp (Vaults:4)
  10 ufetubi
  3 worms (D:2)
  5 dart slugs
  95 orcs
  15 ball pythons
  15 bats
  A bat zombie (Crypt:1)
  5 endoplasms
  8 giant cockroaches
  12 goblins
  10 hobgoblins
  10 jackals
  7 quokkas
  A river rat zombie (Crypt:1)
  2 frilled lizards
  9 kobolds
  A quokka skeleton (Crypt:2)
  8 rats
1991 creatures vanquished.

Vanquished Creatures (collateral kills)
  A hydra (Lair:4)
  A blink frog (Lair:4)
2 creatures vanquished.

Vanquished Creatures (others)
  A vault warden (Vaults:3)
  A spark wasp (Depths:4)
  2 hydras
  A radroach (Spider:2)
  2 death yaks (Lair:3)
  A dancing weapon (Elf:2)
  A deep elf zephyrmancer (Elf:3)
  A black mamba (Lair:4)
  A yak (Lair:4)
  A water moccasin (Lair:5)
  An orc warrior (Vaults:5)
  An orc wizard (Orc:2)
  3 ball lightnings (D:15)
  100 fungi
  228 plants
  2 withered plants (D:7)
347 creatures vanquished.

Grand Total: 2340 creatures vanquished

Notes
Turn   | Place    | Note
-------+----------+-------------------------------------------
     0 | D:1      | wormed the Octopode Warper began the quest for the Orb.
     0 | D:1      | Reached XP level 1. HP: 14/14 MP: 3/3
   114 | D:1      | Reached XP level 2. HP: 19/19 MP: 5/5
   199 | D:1      | Found Nitalih's Jewellery Shop.
   485 | D:1      | Reached XP level 3. HP: 19/25 MP: 6/6
   489 | D:1      | Learned a level 3 spell: Spider Form
  1168 | D:2      | Noticed Jessica
  1182 | D:2      | Killed Jessica
  1183 | D:2      | Reached skill level 1 in Transmutations
  1183 | D:2      | Reached XP level 4. HP: 25/30 MP: 7/7
  1391 | D:2      | Reached skill level 1 in Poison Magic
  1858 | D:3      | Found a broken altar of Ashenzari.
  1898 | D:3      | Reached XP level 5. HP: 36/36 MP: 8/8
  2214 | D:3      | Found a blossoming altar of Fedhas.
  2435 | D:3      | Found a basalt altar of Yredelemnul.
  2532 | D:3      | Found an iron altar of Okawaru.
  2541 | D:3      | Reached XP level 6. HP: 41/41 MP: 10/10
  2931 | D:3      | Learned a level 2 spell: Blink
  2958 | D:4      | Found a hide-covered altar of Uskayaw.
  3176 | D:4      | Found a glowing drain.
  3181 | Sewer    | Entered a sewer
  3459 | Sewer    | Reached XP level 7. HP: 46/46 MP: 11/11
  4338 | D:5      | Entered Level 5 of the Dungeon
  4629 | D:5      | Reached XP level 8. HP: 18/54 MP: 13/13
  5356 | D:5      | Reached skill level 5 in Transmutations
  6001 | D:5      | HP: 1/50 [wight/+0 war axe (2)]
  6405 | D:6      | Found a glowing golden altar of the Shining One.
  6596 | D:5      | Reached XP level 9. HP: 24/59 MP: 15/15
  6932 | D:6      | You fall into a shaft and drop 3 floors!
  6991 | D:9      | Found a staircase to the Lair.
  6995 | D:9      | Found an opulent altar of Gozag.
  6999 | D:9      | Became a worshipper of Gozag Ym Sagoz the Greedy
  7163 | D:9      | Reached skill level 5 in Dodging
  7163 | D:9      | Reached skill level 5 in Unarmed Combat
  7185 | D:9      | Reached skill level 5 in Fighting
  7258 | D:8      | Noticed Maurice
  7401 | D:7      | Reached skill level 1 in Stealth
  7631 | D:7      | Reached skill level 2 in Stealth
  7869 | D:7      | Found a staircase to the Ecumenical Temple.
  7880 | D:7      | Reached skill level 5 in Spellcasting
  8006 | D:7      | Found a runed translucent door.
  8007 | D:7      | Noticed NinjaNoafa's ghost (novice GnCj)
  8026 | D:7      | Identified the +1 robe "Mesu" {rPois Int+3}
  8091 | D:7      | Reached skill level 3 in Stealth
  8095 | Temple   | Entered the Ecumenical Temple
  8672 | D:6      | Reached skill level 4 in Stealth
  8872 | D:1      | Bought a +4 ring of protection for 396 gold pieces
  9393 | D:7      | Reached XP level 10. HP: 34/68 MP: 17/17
  9740 | D:7      | Reached skill level 5 in Stealth
  9862 | D:8      | Paralysed by Maurice for 3 turns
  9868 | D:8      | Paralysed by Maurice for 4 turns
  9878 | D:8      | Paralysed by Maurice for 4 turns
  9888 | D:8      | Paralysed by Maurice for 5 turns
  9893 | D:8      | Killed Maurice
 10406 | D:8      | Learned a level 3 spell: Vhi's Electric Charge
 10423 | D:9      | Found a sparkling altar of Nemelex Xobeh.
 10567 | D:9      | Reached skill level 6 in Stealth
 10622 | D:9      | Reached skill level 1 in Air Magic
 11296 | D:9      | Reached skill level 7 in Stealth
 11904 | D:1      | Bought an amulet of regeneration for 330 gold pieces
 11919 | D:1      | Learned a level 3 spell: Call Canine Familiar
 11923 | D:1      | Learned a level 3 spell: Summon Guardian Golem
 12126 | D:10     | Entered Level 10 of the Dungeon
 12170 | D:10     | Found a large runed translucent door.
 12170 | D:10     | Found a large runed translucent door.
 12311 | D:10     | Found a glowing silver altar of Zin.
 12335 | D:10     | Found an ancient bone altar of Kikubaaqudgha.
 12346 | D:10     | Reached skill level 1 in Hexes
 12346 | D:10     | Reached skill level 1 in Summonings
 12346 | D:10     | Reached XP level 11. HP: 73/73 MP: 16/19
 12425 | D:10     | Noticed Lodul
 12633 | D:10     | Found a staircase to the Orcish Mines.
 12712 | D:10     | Noticed a two-headed ogre
 12756 | Lair:1   | Entered Level 1 of the Lair of Beasts
 12814 | Lair:1   | Reached skill level 8 in Stealth
 13235 | Lair:1   | Noticed a boulder beetle
 13262 | Lair:1   | Killed a boulder beetle
 13854 | Lair:1   | Learned a level 7 spell: Storm Form
 13916 | Lair:2   | Reached skill level 5 in Air Magic
 14590 | Lair:2   | Found a transporter.
 14603 | Lair:2   | Noticed Puis's ghost (journeyman DgIE)
 14604 | Lair:2   | Noticed a moth of wrath
 14605 | Lair:2   | Reached XP level 12. HP: 64/80 MP: 17/20
 14714 | Lair:2   | Found a transporter.
 14813 | Lair:2   | Found a staircase to the Shoals.
 15650 | Lair:3   | Noticed a death yak
 15653 | Lair:3   | Noticed a death yak
 16378 | Lair:3   | Found a hole to the Spider Nest.
 16506 | Lair:2   | Reached skill level 10 in Transmutations
 16800 | Lair:3   | Noticed a death yak
 16957 | Lair:3   | Noticed an eight-headed hydra
 16991 | Lair:3   | Killed an eight-headed hydra
 17155 | Lair:3   | Noticed a death yak
 17157 | Lair:3   | Noticed a death yak
 17212 | Lair:2   | Killed a death yak
 17213 | Lair:2   | Reached XP level 13. HP: 56/84 MP: 19/21
 17362 | Lair:3   | Reached skill level 10 in Air Magic
 18843 | Lair:4   | Found a frozen archway.
 19459 | Lair:4   | Found a staircase to the Slime Pits.
 19622 | Lair:5   | Entered Level 5 of the Lair of Beasts
 20089 | Lair:5   | Reached XP level 14. HP: 90/90 MP: 20/23
 21101 | Lair:5   | Got the Vellum of Exhalation
 22173 | Orc:1    | Entered Level 1 of the Orcish Mines
 22208 | Orc:1    | Paralysed by an orc sorcerer for 5 turns
 22987 | D:11     | Gained mutation: You are strong-willed. (Will+) [mutagenic
                  | glow]
 23918 | D:12     | Reached XP level 15. HP: 80/95 MP: 26/26
 24353 | D:13     | Found a runed translucent gate.
 24355 | D:13     | Found a runed translucent gate.
 24355 | D:13     | Found a runed translucent gate.
 24356 | D:13     | Noticed Fehoc's ghost (journeyman TeMo)
 24442 | D:13     | Reached skill level 15 in Transmutations
 24643 | D:13     | Found a gate to the Vaults.
 24934 | D:13     | Killed Fehoc's ghost
 25132 | D:14     | Reached skill level 9 in Stealth
 26374 | D:10     | Killed Lodul
 26484 | D:7      | Killed NinjaNoafa's ghost
 26485 | D:7      | Reached skill level 10 in Stealth
 26642 | Lair:2   | Killed Puis's ghost
 27106 | Orc:1    | Found a runed translucent gate.
 27106 | Orc:1    | Found a runed translucent gate.
 27106 | Orc:1    | Found a runed translucent gate.
 27107 | Orc:1    | Noticed Wekumecuw's ghost (journeyman DsFi)
 27231 | Orc:1    | Killed Wekumecuw's ghost
 27287 | Orc:2    | Entered Level 2 of the Orcish Mines
 27431 | Orc:2    | Reached skill level 15 in Air Magic
 27575 | Orc:2    | Found Jiditz's Jewellery Emporium.
 27594 | Orc:2    | Found Mecva's Antique Armour Shoppe.
 27688 | Orc:2    | Found a radiant altar of Vehumet.
 27690 | Orc:2    | Noticed Erolcha
 27700 | Orc:2    | Killed Erolcha
 27701 | Orc:2    | Reached skill level 11 in Stealth
 27714 | Orc:2    | Found Goifaroi's Antique Weapon Emporium.
 27757 | Orc:2    | Noticed Nergalle
 27766 | Orc:2    | Killed Nergalle
 27800 | Orc:2    | Found an ancient bone altar of Kikubaaqudgha.
 27859 | Orc:2    | Found Buvuotiarph's Magic Scroll Emporium.
 27862 | Orc:2    | Noticed Sonja
 27882 | Orc:2    | Killed Sonja
 27969 | Orc:2    | Noticed Nessos
 27983 | Orc:2    | Killed Nessos
 28096 | Orc:2    | Found a staircase to the Elven Halls.
 28197 | Orc:2    | Noticed Snorg
 28207 | Orc:2    | Killed Snorg
 28626 | D:15     | Entered Level 15 of the Dungeon
 28679 | D:15     | Reached XP level 16. HP: 101/101 MP: 21/28
 28727 | D:15     | Found an ornate altar of the Wu Jian Council.
 28935 | D:15     | Found a staircase to the Depths.
 28951 | D:15     | Reached skill level 12 in Stealth
 29076 | D:15     | Noticed Rupert
 29095 | D:15     | Killed Rupert
 29226 | D:15     | Found a runed translucent door.
 29226 | D:15     | Found a shimmering altar of Xom.
 29226 | D:15     | Noticed Tolur's ghost (adept DEFE)
 29785 | Spider:1 | Entered Level 1 of the Spider Nest
 31877 | Spider:2 | You fall into a shaft and drop 1 floor!
 33629 | Spider:2 | Identified the +11 flail "Heugusk" {freeze, *Noise rPois
                  | Dex+5 Stlth+}
 33712 | Spider:4 | Entered Level 4 of the Spider Nest
 33987 | Spider:4 | Reached XP level 17. HP: 108/111 MP: 23/30
 33995 | Spider:4 | Reached skill level 10 in Spellcasting
 34219 | Spider:4 | Reached skill level 13 in Stealth
 34578 | Spider:4 | Reached skill level 14 in Stealth
 34655 | Spider:4 | Reached skill level 15 in Stealth
 34789 | Spider:4 | Identified the +2 hat of Fedhas's Approval {-Tele Rampage
                  | Str+2}
 34850 | Spider:4 | Got a gossamer rune of Zot
 35135 | Shoals:1 | Entered Level 1 of the Shoals
 35615 | Shoals:1 | Reached skill level 16 in Stealth
 36200 | Shoals:2 | Found a hide-covered altar of Uskayaw.
 36200 | Shoals:2 | Identified the +2 arbalest of Saltpetre {drain, rC+}
 36310 | Shoals:2 | Reached skill level 17 in Stealth
 36397 | Shoals:2 | Reached skill level 10 in Unarmed Combat
 36418 | Shoals:2 | Reached skill level 10 in Dodging
 36418 | Shoals:2 | Reached XP level 18. HP: 84/120 MP: 32/32
 36805 | Shoals:2 | Reached skill level 18 in Stealth
 37021 | Shoals:2 | Found Sull's Weapon Shoppe.
 37167 | Shoals:2 | Reached skill level 10 in Fighting
 37500 | Shoals:3 | Noticed Polyphemus
 37517 | Shoals:3 | Killed Polyphemus
 38251 | Shoals:4 | Entered Level 4 of the Shoals
 38253 | Shoals:4 | Found Gotakh's Magic Scroll Boutique.
 38343 | Shoals:4 | Reached skill level 19 in Stealth
 38755 | Shoals:4 | Got a barnacled rune of Zot
 38788 | Shoals:4 | Identified the +3 whip of the Forsaken Blessings {freeze,
                  | rC+++ Str-2 Dex+3}
 38921 | Shoals:4 | Found Adonomm's Magic Scroll Shoppe.
 39128 | Shoals:4 | Noticed Nikola
 39157 | Shoals:4 | Reached skill level 20 in Stealth
 39158 | Shoals:4 | Killed Nikola
 39569 | Shoals:1 | Bought the ring of the Winnowing Seers {rN+ rCorr Dex+8}
                  | for 790 gold pieces
 39569 | Shoals:1 | Bought the ring of Reuf Nepe {Fire rElec rPois rN+++ Dex-2}
                  | for 960 gold pieces
 39765 | Vaults:1 | Entered Level 1 of the Vaults
 40328 | Vaults:1 | Reached skill level 21 in Stealth
 40540 | Vaults:1 | Reached XP level 19. HP: 110/127 MP: 28/34
 40820 | Vaults:1 | Found Xootzigg's Antique Armour Shoppe.
 41514 | Vaults:2 | Noticed Mara
 41526 | Vaults:2 | Noticed wormed's illusion
 41540 | Vaults:2 | Killed Mara
 43304 | Vaults:3 | Reached XP level 20. HP: 137/137 MP: 31/36
 43827 | Vaults:3 | Found a runed translucent door.
 43832 | Vaults:3 | Noticed Hyuliamusu's ghost (adept DjSu)
 43863 | Vaults:3 | Found Push's Weapon Shoppe.
 44019 | Vaults:3 | Noticed a Brimstone Fiend
 44585 | Vaults:3 | Found a staircase to the Crypt.
 44667 | Vaults:3 | Killed Hyuliamusu's ghost
 44687 | Vaults:3 | Got the Volume of Silt
 44755 | Vaults:4 | Reached skill level 22 in Stealth
 44807 | Vaults:4 | Identified a scroll of acquirement
 44972 | Vaults:4 | Found Lootyke's Book Boutique.
 44984 | Vaults:4 | Acquired 566 gold pieces
 44991 | Vaults:4 | Found Siohowih's General Store.
 45182 | Vaults:4 | Found Nyulyxki's Armour Boutique.
 45200 | Vaults:4 | Found Pent's Book Shop.
 45210 | Vaults:4 | Found Haeps's Jewellery Emporium.
 45218 | Vaults:4 | Bought a +6 ring of intelligence for 576 gold pieces
 45936 | Vaults:4 | Reached XP level 21. HP: 115/146 MP: 37/37
 46172 | Vaults:5 | Entered Level 5 of the Vaults
 46173 | Vaults:5 | Noticed a dread lich
 46180 | Vaults:5 | Noticed a golden dragon
 46181 | Vaults:5 | Noticed an ancient lich
 46497 | Elf:1    | Entered Level 1 of the Elven Halls
 46905 | Elf:1    | Got Jilary's Octavo of Conflict
 47295 | Elf:2    | Found Rawitig's Antique Armour Shop.
 47384 | Elf:2    | Found a runed translucent gate.
 47385 | Elf:2    | Found a runed translucent gate.
 47386 | Elf:2    | Found a runed translucent gate.
 47412 | Elf:2    | Found a runed translucent gate.
 47412 | Elf:2    | Found a runed translucent gate.
 47412 | Elf:2    | Found a runed translucent gate.
 47469 | Elf:2    | Noticed relicbr's ghost (adept DsNe)
 47892 | Elf:2    | Found an iron altar of Okawaru.
 48872 | Elf:3    | Entered Level 3 of the Elven Halls
 48940 | Elf:3    | Identified the +6 spear "Raphid Nuam" {venom, *Noise Str+3
                  | SInv}
 49198 | Elf:3    | Found a portal to a secret trove of treasure.
 49653 | Elf:3    | Reached XP level 22. HP: 116/155 MP: 32/38
 49675 | Elf:3    | Identified the +10 falchion of the Land of Plenty {flame,
                  | rElec rF++ Int+3}
 49675 | Elf:3    | Identified the +1 robe of the Shoals {+Inv Int+6}
 49894 | Elf:3    | Reached skill level 23 in Stealth
 49940 | Elf:3    | Identified the +7 quarterstaff "Eviscerator" {venom, rPois
                  | rC+ Int+3}
 49947 | Elf:3    | Identified the +10 falchion of Glory {freeze, rCorr}
 50227 | Elf:3    | Reached skill level 15 in Dodging
 50250 | Elf:3    | Got the Volume of Wounds and the Jinx
 50425 | Elf:3    | Identified the +7 shortbow "Tunacah" {flame, *Slow rC+++
                  | Int+2 Dex+7}
 50457 | Elf:3    | Found the +10 tower shield of Ignorance {rN+ Int-4}
 50510 | Elf:3    | Identified the +0 shortbow of Duty {drain, rCorr}
 50699 | Elf:1    | Bought the ring of the Mage {Wiz Archmagi} for 918 gold
                  | pieces
 50699 | Elf:1    | Found the ring of the Mage {Wiz Archmagi}
 50982 | Vaults:5 | Reached skill level 15 in Unarmed Combat
 50999 | Vaults:5 | Killed a dread lich
 51000 | Vaults:5 | Reached skill level 15 in Fighting
 51001 | Vaults:5 | Killed an ancient lich
 51040 | Vaults:5 | Killed a golden dragon
 51183 | Vaults:5 | Identified the +9 short sword of Pyromania {drain, Int+5
                  | Dex-3 Stlth+}
 51335 | Vaults:5 | Identified the +1 robe of the Apothecary {Stlth+}
 51516 | Vaults:5 | Noticed an ancient lich
 51537 | Vaults:5 | Killed an ancient lich
 51538 | Vaults:5 | Reached XP level 23. HP: 105/163 MP: 39/39
 51868 | Vaults:5 | Got the Handbook of the Changing Gift
 51869 | Vaults:5 | Noticed a golden dragon
 51881 | Vaults:5 | Killed a golden dragon
 51956 | Vaults:5 | Got a silver rune of Zot
 52031 | Vaults:5 | Identified the +1 robe of Nuthu {rCorr Int+4 SInv}
 52049 | Vaults:5 | Identified the +0 hand axe of the End of Times {spect, rF++
                  | rC+ Str+6}
 52721 | Vaults:5 | Bought a +6 ring of intelligence for 576 gold pieces
 52777 | Crypt:1  | Entered Level 1 of the Crypt
 52998 | Crypt:1  | Learned a level 2 spell: Wereblood
 53412 | Crypt:1  | Found a large runed translucent door.
 53412 | Crypt:1  | Found a large runed translucent door.
 53415 | Crypt:1  | Noticed Vetoew's ghost (veteran DsSu)
 53778 | Crypt:1  | Killed Vetoew's ghost
 54187 | Crypt:2  | Identified the +3 longbow "Qaphot" {drain, Str+6}
 54517 | Crypt:3  | Entered Level 3 of the Crypt
 54998 | Crypt:3  | Found a staircase to the Tomb.
 55111 | Crypt:3  | Reached skill level 24 in Stealth
 55136 | Crypt:3  | Noticed Boris
 55151 | Crypt:3  | Killed Boris
 55297 | Crypt:3  | Found an ancient bone altar of Kikubaaqudgha.
 55301 | Crypt:3  | Found a basalt altar of Yredelemnul.
 55313 | Crypt:3  | Identified the ring "Ononass" {rPois rCorr Int+4 Dex+4}
 55557 | Crypt:3  | Noticed Sojobo
 55567 | Crypt:3  | Killed Sojobo
 55573 | Crypt:3  | Reached XP level 24. HP: 63/173 MP: 33/39
 55932 | Tomb:1   | Entered Level 1 of the Tomb of the Ancients
 56382 | Tomb:1   | Noticed a royal mummy
 56982 | Depths:1 | Entered Level 1 of the Depths
 57108 | Depths:1 | Found a one-way gate leading to the halls of Pandemonium.
 57159 | Depths:1 | Found Xizalid's Distillery.
 57447 | Depths:1 | Found a gateway to Hell.
 57452 | Depths:1 | Found a one-way gateway to a ziggurat.
 57720 | Depths:1 | Found a runed translucent gate.
 57720 | Depths:1 | Found a runed translucent gate.
 57720 | Depths:1 | Found a runed translucent gate.
 57796 | Depths:1 | Noticed Ubraesch's ghost (adept TrMo)
 57850 | Depths:2 | Found a flickering gateway to a bazaar.
 57864 | Bazaar   | Entered a bazaar
 57878 | Bazaar   | Found Oteicsuts's Antique Weapon Boutique.
 57882 | Bazaar   | Found Qyitez's Assorted Antiques.
 57882 | Bazaar   | Found Lial Bad's Assorted Antiques.
 57883 | Bazaar   | Found Zunis's Weapon Boutique.
 57953 | Depths:2 | You fall into a shaft and drop 2 floors!
 57953 | Depths:4 | Entered Level 4 of the Depths
 57953 | Depths:4 | Found Qaetoth's Assorted Antiques.
 58011 | Depths:4 | Noticed a juggernaut
 58021 | Depths:4 | Killed a juggernaut
 58060 | Depths:4 | Found a gate to the Realm of Zot.
 58083 | Depths:4 | Found a magical portal.
 58084 | Depths:4 | Identified the ring of Omeell {Ice rElec rPois Int+3}
 58084 | Depths:4 | Noticed Josephina
 58095 | WizLab   | Entered Tukima's Studio
 58186 | WizLab   | Identified the +11 triple crossbow "Kujoff Naim" {speed,
                  | rF+ rC++}
 58233 | WizLab   | Found the +3 warlock's mirror {omnireflect}
 58240 | WizLab   | Noticed wormed's illusion
 58270 | WizLab   | Noticed wormed's illusion
 58365 | WizLab   | Got the Directory of Spellbinding
 58498 | Depths:4 | Killed Josephina
 58785 | Depths:4 | Reached XP level 25. HP: 182/182 MP: 35/39
 59218 | Depths:4 | Found a one-way gate to the infinite horrors of the Abyss.
 59825 | Depths:3 | Found Seappauth's Jewellery Shop.
 59848 | Depths:3 | Found Erphit's Assorted Antiques.
 59904 | Depths:3 | Identified the +3 great sword "Yddaoxauc" {antimagic, rElec
                  | rN++ Dex+3}
 60019 | Depths:3 | Found Maepp's Weapon Shoppe.
 60224 | Depths:3 | Identified the amulet "Bistreogh" {rC+ Regen+ MP+9}
 60514 | Depths:3 | Found Kiled's Book Emporium.
 60549 | Depths:3 | Found Xeaghaf's Book Boutique.
 60978 | Depths:2 | Noticed Saint Roka
 60997 | Depths:2 | Killed Saint Roka
 61006 | Depths:2 | Paralysed by a floating eye for 4 turns
 61009 | Depths:2 | Slain by a caustic shrike

Illustrated notes

Levels and vault maps discovered:
D:1:      sevenhm_arrival_forest_fort_large_4, layout_loops_ring, serial_shops,
          shop_fountains
D:2:      layout_basic, kennysheep_nondescript, uniq_jessica
D:3:      layout_basic, mainiacjoe_overflow_alcove_1,
          cheibrodos_ashenzari_chains, okawaru_altar_gauntlet_db, fedhas_altar_1
D:4:      layout_cave_pools, nicolae_uskayaw_dance_hall, gup_sewer_entry_bowl
D:5:      layout_loops_corners
D:6:      layout_loops_corners, tso_oasis_becter
D:7:      layout_basic, minmay_temple_entry_hall, enter_bailey_3, serial_glass,
          glass_columns_a, glass_columns_c, gammafunk_ghost_grave
D:8:      layout_cave_pools, uniq_maurice
D:9:      layout_basic, nicolae_gozag_seed_capital,
          nemelex_xobeh_ov_fountains_minmay, due_lair_maze_entry_diamond,
          serial_glass, glass_columns_c, glass_columns_c
D:10:     layout_rooms, jmf_multi_god_temple2,
          kennysheep_orc_monster_closet_entryway, kennysheep_small_spiral,
          uniq_lodul
D:11:     layout_loops_ring, special_room [special_room_orc]
D:12:     cheibrodos_frozen_isle, layout_rooms, bh_walls_and_bars
D:13:     layout_rooms, lightli_vaults_fourway_checkpoint,
          gammafunk_ghost_necromancy
D:14:     layout_stronghold, hangedman_decor_riveting
D:15:     grunt_enter_depths_giant_problem, layout_loops_ring,
          nicolae_wu_jian_wuxing_cycle, ebering_ghost_xom, uniq_rupert
Temple:   hellmonk_temple_two_chambers
Lair:1:   layout_gridlike
Lair:2:   layout_regular_city, minmay_shoals_entry_lonely_mermaid,
          gammafunk_ghost_berserking_beasts, wad_woods_03
Lair:3:   layout_hall_layers, spider_nest_entry_webs
Lair:4:   layout_long_grid, dpeg_slime_entry_enclosed,
          portal_ice_cave_entry_pillars_1
Lair:5:   minmay_lair_end_frog_pond, layout_concentric_octagons, ldierk_geyser,
          chequers_serial_rivers_large_b, minivault_27
Shoals:1: layout_shoals, nicolae_shoals_so_close
Shoals:2: layout_shoals, serial_shops, nicolae_stop_n_shop_2,
          regret_index_shoals_crete
Shoals:3: layout_shoals, uniq_polyphemus
Shoals:4: shoals_end_simple, layout_shoals, serial_shops, shop,
          nicolae_shop_hallway_stairs, uniq_nikola
Spider:1: layout_cave_pods, einodemon_crawler_minivault
Spider:2: layout_chambers
Spider:3: layout_chambers
Spider:4: hellmonk_spider_rune_bug_friends
Orc:1:    layout_caves, ebering_ghost_rock_garden, basic_altar
Orc:2:    kennysheep_orc_mage_school, layout_diamond_mine, basic_altar,
          uniq_snorg, uniq_nessos, uniq_sonja
Elf:1:    minmay_elf_arrival_summoners, layout_loops_cross,
          minmay_elf_annihilation, drop_trap
Elf:2:    elven_hall_of_blades_hangedman_original [mumra_blade_entry_bloodbath],
          layout_geoelf_grid, serial_shops, nicolae_shop_statue_plus,
          gammafunk_ghost_fury_of_okawaru, lemuel_elevator
Elf:3:    nooodl_elf_gasket, layout_geoelf_octagon, enter_trove_0,
          small_chamber_with_monster
Vaults:1: ontoclasm_vaults_ring_square, nicolae_vaults_mini_display_case,
          vaults_room_large_hall, v_misc_27, ontoclasm_vaults_hangar,
          layout_vaults_omnigrid, serial_shops, shop_fountains
Vaults:2: st_star, vaults_dpeg_diagonal, hangedman_vaults_corner,
          vaults_dpeg_emergency_exit, vaults_room_semicircle,
          nicolae_vaults_big_ls, vaults_room_large_hall, v_pattern_1,
          nicolae_vaults_little_squares_5, ontoclasm_vaults_pinch,
          nicolae_vaults_theta, v_alt_pattern_5, layout_vaults_big_room,
          uniq_mara
Vaults:3: hellmonk_ghost_big_iron, v_misc_29, v_rooms_1, v_rooms_2,
          minmay_crypt_entry_simple_walls, v_misc_32,
          nicolae_vaults_specimen_jars, ontoclasm_vaults_ring_square,
          nicolae_vaults_three_branches, ontoclasm_vaults_decontamination,
          layout_vaults_maze, serial_shops, shop
Vaults:4: nicolae_vaults_border_crossing, v_misc_30,
          ontoclasm_vaults_ring_square, serial_ice_h, v_misc_31,
          vaults_room_octagon, v_alt_pattern_6, ontoclasm_vaults_ligature,
          v_rooms_5, v_misc_24, hangedman_vaults_trim, layout_vaults_ring,
          serial_shops, shop, nicolae_shop_temple_entry_statues_fountains,
          nicolae_square_shop, nicolae_shop_hallway_stairs, shop
Vaults:5
Crypt:1:  layout_misc_corridors, ebering_ghost_disaster_area
Crypt:2:  layout_catacombs
Crypt:3:  lightli_unholy_cathedral, layout_chaotic_city,
          nicolae_tomb_entry_grand_gallery, uniq_boris, uniq_sojobo
Tomb:1:   uniq_mennas
Depths:1: layout_twisted_cross, enter_ziggurat_e, hell_entry, serial_shops,
          shop, ebering_ghost_rock_garden, grunt_pan_entry_zigzag,
          serial_bayou_crossing
Depths:2: nzn_winding_woodlands_large [nzn_winding_woodlands_hourglass,
          nzn_winding_woodlands_5x15_pathside_ponds,
          nzn_winding_woodlands_5x5_open_star,
          nzn_winding_woodlands_center_lodge,
          nzn_winding_woodlands_15x15_killbox,
          nzn_winding_woodlands_center_garden, nzn_winding_woodlands_5x5_cross,
          nzn_winding_woodlands_5x15_longhouse,
          nzn_winding_woodlands_5x5_default], layout_cave_pools,
          roderic_lattice_a, rand_demon_pan_entry_8, hell_entry, serial_shops,
          bzr_firewalk, grunt_qazlal_sundering, uniq_saint_roka
Depths:3: minmay_the_grid_octo_tiled_octocenter_mashed
          [minmay_the_grid_octo_chip, minmay_the_grid_octo_thin_diamonds,
          minmay_the_grid_octo_tetromino_candy,
          minmay_the_grid_octo_fat_diamond, minmay_the_grid_octo_prize_star,
          minmay_the_grid_square_5x5_checkered_sparse,
          minmay_the_grid_square_5x5_moneybag,
          minmay_the_grid_square_5x5_spiral_small,
          minmay_the_grid_square_5x5_broken_cross], layout_cave_pools,
          hangedman_abyss_or_decor_passed, abyss_entry_small_statue_room,
          serial_shops, nicolae_shop_stone, nicolae_shop_hallway_stairs,
          nicolae_shop_behind_doors, nicolae_shop_bloodbath_and_beyond,
          nicolae_shop_behind_doors, hell_entry
Depths:4: evilmike_zot_entry_round, layout_gridlike, abyss_entry_crystal,
          infiniplex_enter_wizlab_water, serial_corexii_hall,
          chequers_hall_statues_corner_a, corexii_hall_statues_deadend,
          corexii_hall_statues_i, corexii_hall_statues_s, serial_shops,
          nicolae_shop_advertising_works [nicolae_subvault_shop_adworks],
          hangedman_coc_ice_floe, minmay_misc_feat_five, onia_ninara_cookie,
          uniq_josephina

Skill      XL: |  1  2  3  4  5  6  7  8  9 10 11 12 13 14 15 16 17 18 19 20 21 22 23 24 25 |
---------------+----------------------------------------------------------------------------+-----
Transmutations | 1 2 4 5 6 8 11 13 14 15 16 17 18 19 | 19.0
Poison Magic   | 1 2 3 4 |  4.0
Dodging        | 3 4 5 6 7 8 10 11 12 13 14 15 16 17 18 | 18.8
Unarmed Combat | 3 4 5 6 7 8 10 11 12 13 14 15 16 17 18 | 18.7
Fighting       | 3 4 5 6 8 9 10 12 13 14 15 16 17 18 | 18.7
Spellcasting   | 3 4 5 6 7 8 9 10 11 12 | 12.0
Stealth        | 4 7 8 11 12 17 21 22 23 24 | 24.0
Air Magic      | 3 6 9 12 14 15 16 17 18 19 | 19.0
Hexes          | 1 3 |  3.4
Summonings     | 1 3 |  3.4
Translocations | 4 |  4.9
Throwing       | |  1.0

Action                     |  1- 3 |  4- 6 |  7- 9 | 10-12 | 13-15 | 16-18 | 19-21 | 22-24 | 25-27 || total
---------------------------+-------+-------+-------+-------+-------+-------+-------+-------+-------++-------
  Melee: Unarmed           |    82 |   244 |   420 |   904 |  1444 |  1044 |  1054 |   883 |   209 ||  6284
         Constrict         |    23 |    38 |    13 |    19 |    10 |     5 |     4 |     2 |       ||   114
         Tentacles         |    22 |    32 |     8 |    42 |    33 |     8 |    23 |     3 |       ||   171
         Punch             |     2 |     4 |     2 |    14 |    55 |    96 |   119 |   125 |    32 ||   449
         Staff             |       |       |       |       |       |       |       |     1 |       ||     1
   Cast: Spider Form       |       |    11 |    48 |    93 |    38 |       |       |       |       ||   190
         Summon Guardian G |       |       |       |     3 |    15 |       |       |       |       ||    18
         Call Canine Famil |       |       |       |     1 |     8 |       |       |       |       ||     9
         Storm Form        |       |       |       |       |    57 |    89 |    82 |    65 |    13 ||   306
         Vhi's Electric Ch |       |       |       |       |     3 |     8 |       |    11 |       ||    22
         Wereblood         |       |       |       |       |       |       |       |    41 |    13 ||    54
 Invoke: Call Merchant     |       |       |       |     1 |     6 |     1 |     2 |     2 |     1 ||    13
         Potion Petition   |       |       |       |       |       |     1 |       |       |       ||     1
Ability: End Transformatio |       |       |     1 |       |     2 |       |       |       |       ||     3
         Blinkbolt         |       |       |       |       |     2 |     2 |     1 |     6 |     1 ||    12
  Evoke: Wand              |       |       |       |    21 |       |       |     1 |       |       ||    22
    Use: Potion            |       |       |     7 |     2 |     3 |     4 |     2 |     9 |     1 ||    28
         Scroll            |       |       |    20 |     6 |     8 |     1 |     8 |     8 |       ||    51
   Stab: Sleeping          |     9 |     8 |     1 |     9 |     9 |    18 |    25 |     9 |     1 ||    89
         Distracted        |       |     1 |       |     8 |    16 |    13 |    11 |    18 |     7 ||    74
         Invisible         |       |       |       |       |       |       |       |    10 |       ||    10
 Armour: Skin              |     6 |    66 |    57 |   143 |   302 |   372 |   177 |   128 |    30 ||  1281
  Dodge: Dodged            |    38 |   172 |   464 |  1005 |  1644 |  1483 |   992 |   801 |   189 ||  6788

Table legend: (Time is in decaauts)
 A = Elapsed time spent in this place.
 B = Non-inter-level travel time spent in this place.
 C = Inter-level travel time spent in this place.
 D = Time resting spent in this place.
 E = Time spent auto-exploring this place.
 F = Levels seen in this place.
 G = Mean time per level.
                   A        B        C        D        E       F      G
               +--------+--------+--------+--------+--------+-----+--------+
         Total |  60046 |  55053 |   4993 |   1004 |  40262 |  50 | 1200.9 |
       Dungeon |  18043 |  15696 |   2347 |    396 |  11443 |  15 | 1202.9 |
        Temple |    231 |    231 |      0 |    213 |      9 |   1 |  231.0 |
          Lair |   9370 |   8455 |    915 |    223 |   4985 |   5 | 1874.0 |
        Shoals |   4349 |   4176 |    173 |      0 |   3267 |   4 | 1087.2 |
   Spider Nest |   5275 |   5084 |    191 |     23 |   4298 |   4 | 1318.8 |
  Orcish Mines |   1869 |   1710 |    159 |      0 |   1312 |   2 |  934.5 |
   Elven Halls |   4133 |   3873 |    260 |     86 |   2883 |   3 | 1377.7 |
        Vaults |   8340 |   7839 |    501 |     63 |   6140 |   5 | 1668.0 |
         Crypt |   3159 |   2927 |    232 |      0 |   2308 |   3 | 1053.0 |
          Tomb |    739 |    610 |    129 |      0 |    427 |   1 |  739.0 |
        Depths |   3471 |   3389 |     82 |      0 |   2544 |   4 |  867.8 |
        Bazaar |     44 |     44 |      0 |      0 |     39 |   1 |   44.0 |
         Sewer |    651 |    651 |      0 |      0 |    384 |   1 |  651.0 |
        Wizlab |    364 |    364 |      0 |      0 |    221 |   1 |  364.0 |
               +--------+--------+--------+--------+--------+-----+--------+

Top non-repeatable levels by time:
  Lair:2: 2677 daAuts
     D:5: 2176 daAuts
  Lair:5: 2105 daAuts
  Lair:3: 1909 daAuts
Vaults:1: 1750 daAuts
Vaults:3: 1736 daAuts
     D:9: 1720 daAuts
Vaults:2: 1683 daAuts
Vaults:5: 1677 daAuts
   Elf:3: 1669 daAuts
   Elf:2: 1646 daAuts
Spider:3: 1535 daAuts
Vaults:4: 1492 daAuts
    D:14: 1476 daAuts
  Lair:4: 1443 daAuts
